[Event "*** Titled Tuesday Blitz"]
[Site "Chess.com"]
[Date "2019.05.07"]
[Round "4"]
[White "PE-TRO"]
[Black "eldur16"]
[Result "1/2-1/2"]
[WhiteElo "2798"]
[BlackElo "2540"]
[TimeControl "180+2"]
[EndTime "13:57:59 PDT"]
[Termination "Game drawn by agreement"]

1. Nf3 Nf6 2. c4 c5 3. g3 b6 4.
Bg2 Bb7 5. O-O g6 6. b3 Bg7 7. Bb2 O-O 8. Nc3 Na6 9. e3 e6 10. Rc1 d5 11. cxd5 exd5 12. d4 Qe7 13. Ba3 Rac8 14.
Na4 Ne4 15. Nd2 Rfd8 16. Qe2 Nxd2 17. Qxd2 Bc6 18. dxc5 Bxa4 19. bxa4 Nxc5 20. a5 Qe6 21. axb6 axb6 22. Rfd1 d4 23. exd4 Rxd4 24. Qe1 Qxe1+ 25. Rxe1 Rd2 26. Bxc5 bxc5 27. Red1 Rxa2 28. Bb7 Rc7 29. Rd8+ Bf8 30. Bd5 Re2 31. Bc4 Re4 32. Bd3 Rb4 33. Rc4 Kg7 34. Kg2 Be7 35. Rd5 h5 36. Kf3 Ra7 37. Rc2 Rb3 38. Ke2 Rba3 39. Bc4 Ra1 40.
h4 Rc7 41. Bd3 Ra5 42. Kf3 Bf6 43. Kg2 Ra3 44. Bf1 Rc3 45. Rxc3 Bxc3 46. Bc4 Bd4 47. Rd6 Rb7 48. f4 Rb4 49. Bd5 Rb2+ 50. Kh1 Bf2 51. Kg2 Be1+ 52. Kh3 Rd2 53. Rd7 Kh6 54. f5 c4 55. fxg6 fxg6 56. Be6 Rxd7 57. Bxd7 Kg7 58. Ba4 Kf6 59. Bc2 g5 60. hxg5+ Kxg5 61. Bd1 c3 62.
Bc2 h4 63. gxh4+ Bxh4 1/2-1/2

[Event "*** Titled Tuesday Blitz"]
[Site "Chess.com"]
[Date "2019.05.07"]
[Round "4"]
[White "MasterKroket"]
[Black "M1711"]
[Result "0-1"]
[WhiteElo "2348"]
[BlackElo "2449"]
[TimeControl "180+2"]
[EndTime "13:58:01 PDT"]
[Termination "M1711 won by resignation"]

1. d4 Nf6 2. c4 g6 3. Nc3 d5 4.
cxd5 Nxd5 5. e4 Nxc3 6. bxc3 Bg7 7.
Be3 c5 8. Qd2 Qa5 9. Nf3 Nc6 10.
Rc1 Bg4 11. d5 Rd8 12. Ng5 O-O 13. h3 Bc8 14. Be2 e6 15. O-O exd5 16. exd5 Ne7 17. c4 Qxd2 18. Bxd2 Nf5 19. Bf4 Nd4 20. Bd3 Bf5 21.
Bxf5 Ne2+ 22. Kh1 Nxc1 23. Bg4 Nxa2 24. Bc7 b5 25. Bxd8 Rxd8 26. cxb5 Rxd5 27. Ne4 c4 28.
Be2 Rd4 29. f3 f5 30. Ng5 Nc3 31. Re1 Nxe2 32. Rxe2 Rd8 33. Re6 h6 34. Rc6 hxg5 35.
Rxc4 Be5 36. g4 Kf7 37. Ra4 Rd7 38. Ra6 Rb7 39. Kg2 Bb8 40. Ra5 Bc7 41. Ra6 Bb6 42. Kg3 Rc7 43. Ra3 Rc2 44. gxf5 gxf5 45. f4 gxf4+ 46. Kxf4 Kf6 47. Rd3 Rc4+ 48. Kf3 Rb4 49. Rd6+ Ke5 50. Rd1 Rxb5 51. h4 Rb3+ 52. Kg2 Kf4 53.
Rf1+ Kg4 54. h5 Rg3+ 55. Kh2 Rh3+ 56. Kg2 Rxh5 57. Rb1 f4 58. Rb3 Rd5 59. Rb2 Be3 60. Rc2 Rd2+ 61. Rxd2 Bxd2 0-1

[Event "*** Titled Tuesday Blitz"]
[Site "Chess.com"]
[Date "2019.05.07"]
[Round "4"]
[White "Slovak_fighter2000"]
[Black "Denis_Palkovich"]
[Result "1/2-1/2"]
[WhiteElo "2436"]
[BlackElo "2264"]
[TimeControl "180+2"]
[EndTime "13:58:04 PDT"]
[Termination "Game drawn by repetition"]

1. d4 d5 2. c4 Bf5 3. Nf3 e6 4. Nc3 Bb4 5. Qb3 Nc6 6. e3 a5 7. a3 a4 8. Qd1 Bxc3+ 9. bxc3 Nf6 10. Be2 O-O 11. O-O Ne4 12. Bd2 Na5 13. cxd5 Nb3 14. dxe6 Nxa1 15. exf7+ Rxf7 16. Qxa1 Kh8 17. Ne5 Rf8 18. Be1 Nd6 19. f3 Nf7 20. Bg3 Nxe5 21. Bxe5 c5 22. e4 Bg6 23. d5 Qe7 24. c4 Rfe8 25.
Bc3 Ra6 26. e5 Rb6 27. f4 Bf5 28. e6 Kg8 29. g4 Be4 30. f5 Qg5 31. Qc1 Qh4 32.
Qf4 Bc2 33. d6 h5 34. d7 Rd8 35. gxh5 Qxf4 36. Rxf4 Kf8 37. Be5 Bxf5 38. Rxf5+ Ke7 39.
Bc7 Rxe6 40. Bxd8+ Kxd8 41. Rd5 Rxe2 42. Rxc5 Kxd7 43. Rg5 Re7 44. Rb5 Kc6 45. Kf2 Re4 46. Rb4 Rh4 47. Kg3 Rxh5 48. Rxa4 b6 49. Rb4 Re5 50.
h4 Re3+ 51. Kg4 Rxa3 52. Kh5 Ra1 53. Rb2 Rg1 54. Rf2 Kc5 55. Rf4 Rg2 56. Re4 Rg1 57. Rf4 Rg2 58. Re4 Rg1 59. Rf4 1/2-1/2

[Event "*** Titled Tuesday Blitz"]
[Site "Chess.com"]
[Date "2019.05.07"]
[Round "4"]
[White "Frolik67"]
[Black "Sebastian"]
[Result "0-1"]
[WhiteElo "2600"]
[BlackElo "2891"]
[TimeControl "180+2"]
[EndTime "13:58:09 PDT"]
[Termination "Sebastian won by resignation"]

1. e4 c5 2. d4 cxd4 3. c3 Nf6 4. e5 Nd5 5. Nf3 Nc6 6. cxd4 d6 7. exd6 Qxd6 8.
Nc3 e6 9. Be2 Be7 10. O-O O-O 11.
Be3 Rd8 12. Rc1 Nf6 13. Qd2 a6 14. Rfd1 h6 15. h3 Bf8 16. Bf4 Qb4 17. a3 Qa5 18. Bd3 Bd7 19. Bb1 Be8 20. Qe3 Rac8 21.
Bh2 Ne7 22. Ne5 Nf5 23. Qf3 Nxd4 24. Qxb7 Rxc3 25. bxc3 Ne2+ 26. Kh1 Nxc1 27. Rxc1 Qxa3 28. Rg1 Qc5 29. Bg3 a5 30. Kh2 a4 31. Qa6 Qxc3 32.
Ba2 a3 33. Qb7 Bd6 34. Nf3 Bxg3+ 35. fxg3 Qb2 36. Qxb2 axb2 37. Rb1 Rb8 38. Ne5 Ba4 39. Nc4 Bc6 40. Rxb2 Rxb2 41. Nxb2 Bd5 42. Bb1 g5 43. Nd1 Kf8 44. Ne3 Be4 45. Ba2 Ke7 46. g4 Kd6 47. Nc4+ Ke7 48. Kg3 Bd5 49. Bb3 Ne4+ 50. Kh2 Nc5 51. Ba2 f6 52. g3 Ne4 53. Bb3 Nd6 54.
Nd2 Bxb3 55. Nxb3 Ne4 56. Kg2 Kd6 57. Kf3 Kd5 58. h4 Nc5 59. Nc1 Nd7 60. Ne2 Ne5+ 61. Kg2 Nxg4 62. hxg5 hxg5 63. Kf3 f5 64. Nc3+ Ke5 65.
Nb5 Nf6 66. Na3 g4+ 67. Kf2 Ne4+ 68. Kg2 Kd4 69. Nb5+ Kd3 70. Nc7 Ng5 71. Kf2 e5 72. Nd5 Kd4 73. Ne7 Ke4 74. Ng6 f4 75. gxf4 exf4 76. Kg2 Ne6 77. Nh4 Nd4 78. Kf2 Nf5 79.
Ng6 f3 80. Kf1 g3 81. Nf8 Ne3+ 0-1

[Event "*** Titled Tuesday Blitz"]
[Site "Chess.com"]
[Date "2019.05.07"]
[Round "4"]
[White "bluejay1897"]
[Black "ruvat"]
[Result "0-1"]
[WhiteElo "2274"]
[BlackElo "2337"]
[TimeControl "180+2"]
[EndTime "13:58:12 PDT"]
[Termination "ruvat won by resignation"]

1. Nf3 d6 2. d4 g6 3. b3 Bg7 4.
Bb2 c5 5. g3 Nc6 6. c3 cxd4 7.
cxd4 d5 8. Bg2 Nf6 9. O-O O-O 10. Ne5 Qb6 11. Nxc6 bxc6 12. Nc3 Bf5 13. Na4 Qc7 14. Rc1 Rfc8 15. e3 h5 16. h4 Qd6 17. Nc5 Nd7 18. Qd2 Nxc5 19. Rxc5 e5 20. Rfc1 e4 21. Qa5 Bd7 22. Ba3 Qf6 23. R5c2 Kh7 24. Bc5 g5 25. hxg5 Qxg5 26. Bd6 h4 27. gxh4 Qxh4 28. Bg3 Qh5 29. Kf1 Rg8 30. Ke1 Bh6 31. Kd2 f5 32. Rh1 Qg6 33.
Qc7 Rad8 34. Qf4 Kg7 35. Qe5+ Kf7 36. Bf1 Bg7 37. Qf4 Rh8 38. Rxh8 Rxh8 39. Qc7 Qe6 40. b4 Kg6 41. Qxa7 Rh1 42. Bg2 Rg1 43. Bh3 Rh1 44. b5 Rxh3 45. bxc6 Bxc6 46. a4 Rh7 47. Qb6 Bd7 48. Qb4 Rh8 49. Rc7 Rc8 50. Rxc8 Bxc8 51. a5 Ba6 52. Qb6 Qxb6 53. axb6 Kf7 54. Kc3 Ke6 55. Kb4 Kd7 56. Kc5 Bb7 57. Kb5 Bf8 58. Bf4 Bd6 59. Bg5 Ba3 60. Bh4 Bc1 61. Bg3 Bd2 62. Kc5 Ke6 63. Bf4 Be1 64. Bg3 f4 65. Bxf4 Bxf2 66. Bh6 Kd7 67. Bf4 Ke6 68. Bh6 Bg3 69. Bg5 Bd6+ 70. Kb5 Kf5 71. Bh6 Kg4 72. Ka4 Kf3 73. Kb3 Ke2 74. Kc2 Bb4 0-1

[Event "*** Titled Tuesday Blitz"]
[Site "Chess.com"]
[Date "2019.05.07"]
[Round "4"]
[White "Oleg_Papayan"]
[Black "cherryandmint"]
[Result "1/2-1/2"]
[WhiteElo "2536"]
[BlackElo "2678"]
[TimeControl "180+2"]
[EndTime "13:58:15 PDT"]
[Termination "Game drawn by stalemate"]

1. e4 e5 2. Nf3 Nc6 3. Bb5 a6 4. Bxc6 dxc6 5. Nc3 Bd6 6. d4 exd4 7. Qxd4 f6 8. Be3 Ne7 9. O-O-O Ng6 10. h4 Qe7 11. h5 Ne5 12. h6 g5 13. Nxe5 Bxe5 14. Qd2 Bd7 15. Bd4 O-O-O 16. Bxe5 Qxe5 17. Qd4 b6 18. Qxe5 fxe5 19. f3 Rdf8 20. Rh5 Rhg8 21. Rd3 Be8 22. Rh2 g4 23. Nd1 c5 24. Nc3 gxf3 25. Rxf3 Rxf3 26.
gxf3 Rg3 27. Nd5 Kd8 28. Nf6 Bg6 29. Ng4 Rxf3 30. Nxe5 Rf1+ 31. Kd2 Bxe4 32. Ke3 Bf5 33. Rg2 Ke7 34. Rg7+ Ke6 35. Nf7 Bxc2 36. Ng5+ Kd6 37.
Nxh7 Rh1 38. Kd2 Bb1 39. Ng5 Kc6 40. h7 Bxa2 41. Rg8 Rh2+ 42. Ke1 Rh1+ 43. Kf2 Rxh7 44.
Rg6+ Kb5 45. Nxh7 Bb1 46. Rg7 Kb4 47. Rxc7 c4 48. Nf6 Kb3 49. Nd5 b5 50. Ke3 Kxb2 51. Kd4 a5 52. Rb7 b4 53. Kxc4 Ba2+ 54. Kd4 Bxd5 55.
Kxd5 b3 56. Kc4 a4 57. Rh7 Ka2 58. Rb7 b2 59. Kc3 a3 60. Kc2 Ka1 61. Rb3 Ka2 62.
Rb4 Ka1 63. Rb3 Ka2 64. Rb5 b1=Q+ 65. Rxb1 1/2-1/2

[Event "*** Titled Tuesday Blitz"]
[Site "Chess.com"]
[Date "2019.05.07"]
[Round "4"]
[White "Fins0905"]
[Black "WeAintSurePal"]
[Result "1/2-1/2"]
[WhiteElo "2666"]
[BlackElo "2223"]
[TimeControl "180+2"]
[EndTime "13:58:17 PDT"]
[Termination "Game drawn - insufficient material"]

1. d4 d5 2. c4 e6 3. Nc3 Be7 4. cxd5 exd5 5. Bf4 c6 6. Qc2 Bd6 7. Bg3 Ne7 8. e3 Bf5 9. Bd3 Bxd3 10. Qxd3 a5 11. Nge2 O-O 12. O-O Bxg3 13. Nxg3 Nd7 14. Rab1 Nf6 15. a3 Qd7 16. Na4 Qd6 17. Rfc1 h5 18.
Nc5 Ra7 19. Nf5 Nxf5 20. Qxf5 g6 21. Qf3 Re8 22. Rc2 Kg7 23. h3 Re7 24. b4 axb4 25.
axb4 Ra8 26. Nd3 Ne4 27. Qf4 Qxf4 28. Nxf4 Ra3 29. b5 Nc3 30. bxc6 bxc6 31. Rbc1 Na2 32. Ra1 Nb4 33. Rxa3 Nxc2 34. Rb3 Rc7 35. Rb6 Na3 36. Nd3 Nc4 37. Ra6 g5 38. Nb4 c5 39. dxc5 Rxc5 40.
Ra7 Rb5 41. Nc6 Rb1+ 42. Kh2 Rb2 43. Kg3 h4+ 44. Kf3 Rb6 45. Nd4 Rf6+ 46. Ke2 Rb6 47. Ra2 Nd6 48. Rc2 Ne4 49. Nf3 f6 50. Nd2 Nd6 51. Rc5 Rb5 52. Rxb5 Nxb5 53. Kd3 Kf7 54. Nf3 Ke6 55. Nd4+ Nxd4 56. Kxd4 Kd6 57. e4 dxe4 58.
Kxe4 Ke6 59. f3 f5+ 60. Kd4 Kd6 61. Kd3 Kd5 62. Ke3 Ke5 63. f4+ Kf6 64. fxg5+ Kxg5 65. Kf3 Kg6 66. Kf4 Kf6 67. g3 hxg3 68. Kxg3 Kg5 69. h4+ Kh5 70. Kf4 Kxh4 71. Kxf5 1/2-1/2

[Event "*** Titled Tuesday Blitz"]
[Site "Chess.com"]
[Date "2019.05.07"]
[Round "4"]
[White "FancyPlaySyndrome"]
[Black "murmah2003"]
[Result "1-0"]
[WhiteElo "2525"]
[BlackElo "2653"]
[TimeControl "180+2"]
[EndTime "13:58:19 PDT"]
[Termination "FancyPlaySyndrome won on time"]

1. e4 c5 2. Nf3 d6 3. d4 cxd4 4. Nxd4 Nf6 5. Nc3 a6 6. h3 e6 7.
g4 b5 8. Bg2 Bb7 9. O-O Nbd7 10.
Re1 Qc7 11. g5 Ng8 12. Nd5 exd5 13. exd5+ Be7 14. Bf4 Kf8 15. Nf5 Ne5 16. Bxe5 dxe5 17. d6 Bxd6 18. Bxb7 Rd8 19. Qf3 g6 20. Nxd6 Rxd6 21.
Rxe5 Kg7 22. Re8 h6 23. Rc8 Qe7 24. Qc3+ Kh7 25. gxh6 Qg5+ 26. Bg2 Qxh6 27. Qe5 Re6 28. Qb8 Qd2 29. Rf1 Kg7 30. Qa8 Re5 31. Qxa6 Rg5 32. Qc6 b4 33. a3 Rh4 34. axb4 Nf6 35. Qc3 Qd5 36. f3 Rxh3 37. Rc6 Qf5 38. b5 Rhg3 39. Rf2 Rh5 40. b6 Qf4 41. b4 Qc1+ 42. Rf1 Qg5 43. Qxf6+ Qxf6 44. Rxf6 Kxf6 45. c4 Rhg5 46. Rf2 Rh3 47. b7 Rh8 48. c5 Ke7 49. f4 Rg3 50.
Re2+ Kd7 51. c6+ Kc7 52. Re7+ Kb6 53. b5 Rc3 54. Bh3 Rcxh3 55. Rxf7 Rc3 56. Rf6 Re8 57. Re6 Rf8 58. Re4 Rc2 59. Ra4 Rd8 60. Ra1 1-0

[Event "*** Titled Tuesday Blitz"]
[Site "Chess.com"]
[Date "2019.05.07"]
[Round "4"]
[White "Chebure"]
[Black "Orest_Vovk"]
[Result "0-1"]
[WhiteElo "2627"]
[BlackElo "2450"]
[TimeControl "180+2"]
[EndTime "13:58:30 PDT"]
[Termination "Orest_Vovk won by resignation"]

1. d4 e5 2. dxe5 Nc6 3. Nc3 Nxe5 4. e4 Bb4 5. Bd3 Nxd3+ 6. Qxd3 d6 7. Ne2 Ne7 8. Bg5 O-O 9. O-O-O Be6 10. f4 f6 11. Bh4 Qd7 12. h3 a6 13. g4 b5 14.
f5 Bc4 15. Qf3 Nc6 16. Bg3 Rae8 17. a3 Bc5 18. h4 Ne5 19. Bxe5 Rxe5 20. Nf4 Rfe8 21.
g5 Qe7 22. Rde1 c6 23. Qg4 b4 24. gxf6 Qxf6 25. axb4 Bxb4 26. Qf3 Bf7 27. Rhg1 Kf8 28. Nd3 Bxc3 29. bxc3 Ra5 30. Kd2 Ra3 31. Nb4 a5 32. Nxc6 Rc8 33. e5 dxe5 34. Nxe5 Qd6+ 35. Qd3 Qxd3+ 36.
cxd3 Raxc3 37. Nd7+ Kg8 38. f6 Bg6 39. fxg7 Rxd3+ 40. Ke2 Rxd7 41. h5 Re7+ 42. Kf2 Rxe1 43. Rxe1 Bxh5 44. Re5 Bf7 45. Rxa5 Kxg7 46. Kg3 Rc3+ 47.
Kh4 Rc4+ 48. Kg5 h6+ 49. Kf5 Rc6 50. Kf4 Rf6+ 51. Kg4 Rg6+ 52. Kh4 Rf6 53. Kg4 Rb6 54. Rc5 Rb4+ 55. Kg3 Kf6 56. Rc6+ Be6 57. Rc5 Re4 58. Kf3 Re5 59. Rc6 h5 60. Kg3 Re4 61. Rc5 h4+ 62.
Kf3 Bf5 63. Rc6+ Kg5 64. Rc7 Ra4 65. Rg7+ Bg6 66. Rc7 Ra3+ 67. Kf2 h3 68. Rc6 Be4 69. Rc5+ Kg4 70. Rc8 h2 71. Rg8+ Kf4 72. Rf8+ Ke5 73.
Re8+ Kd4 74. Rd8+ Bd5 0-1

[Event "*** Titled Tuesday Blitz"]
[Site "Chess.com"]
[Date "2019.05.07"]
[Round "4"]
[White "FearlessKing64"]
[Black "XiaoKangZhong"]
[Result "1-0"]
[WhiteElo "2203"]
[BlackElo "2225"]
[TimeControl "180+2"]
[EndTime "13:58:30 PDT"]
[Termination "FearlessKing64 won by resignation"]

1. e4 c5 2. Nf3 e6 3. c4 Nc6 4. Nc3 Nf6 5. Be2 Be7 6. d4 cxd4 7. Nxd4 Qa5 8. O-O O-O 9. Be3 Bb4 10. Nb3 Qc7 11. Nb5 Qb8 12. f3 a6 13. N5d4 Qc7 14.
Rc1 Rd8 15. a3 Be7 16. Nb5 axb5 17. cxb5 Qe5 18. bxc6 dxc6 19. Qc2 Nd5 20. Bd4 Qf4 21. exd5 Rxd5 22. Bf2 Bd6 23. Bg3 Qe3+ 24. Bf2 Bxh2+ 25. Kxh2 Rh5+ 26. Kg1 Qh6 27. Bg3 Qe3+ 28. Rf2 Qh6 29. Rff1 Qe3+ 30. Bf2 Qh6 31. Bd4 e5 32. Bb6 Rh1+ 33.
Kf2 Qh4+ 34. Ke3 Qf4+ 35. Kf2 Qh4+ 36. g3 Rh2+ 37. Ke3 Qg5+ 38. f4 Qxg3+ 39. Rf3 exf4+ 40. Kd4 Ra4+ 41. Kc3 Qg5 42. Qd3 Qe5+ 43. Kd2 h6 44.
Bd4 Qe6 45. Nc5 Rxd4 46. Nxe6 Rxd3+ 47. Kxd3 Bxe6 48. Kd2 g5 49. Rg1 Bd5 50. Rxf4 Kg7 51. Rd4 Bf3 52. Re1 h5 53. Ke3 Bxe2 54. Rxe2 Rh3+ 55.
Ke4 Rb3 56. Ke5 Kg6 57. Kd6 h4 58. Re8 Kf5 59. Rf8 f6 60. Rc4 Rxb2 61. Rc5+ Kg4 62. Rxf6 h3 63. Rg6 Rd2+ 64. Kc7 h2 65. Rcxg5+ Kh4 66. Rg4+ Kh5 67. R6g5+ Kh6 68. Rg8 Kh7 69. R8g7+ Kh6 70.
R7g6+ Kh5 71. R6g5+ Kh6 72. Rg8 Kh7 73. R4g7+ Kh6 74.
Rg3 Kh7 75. R8g7+ Kh6 76. R7g6+ Kh5 77. Rg8 Kh4 78. R3g7 Rd5 79. Rh7+ Rh5 80. Rxh5+ Kxh5 81. Rh8+ Kg4 82. Rxh2 c5 83. Rc2 b6 84. Kxb6 1-0

[Event "*** Titled Tuesday Blitz"]
[Site "Chess.com"]
[Date "2019.05.07"]
[Round "4"]
[White "NemtsevIgor"]
[Black "checkmatequen"]
[Result "0-1"]
[WhiteElo "2261"]
[BlackElo "2192"]
[TimeControl "180+2"]
[EndTime "13:58:45 PDT"]
[Termination "checkmatequen won by resignation"]

1. d4 Nf6 2. Bf4 e6 3. Nf3 c5 4.
e3 Nc6 5. Nbd2 Be7 6. Bd3 O-O 7. c3 b6 8. O-O d6 9. h3 Bb7 10. Bh2 Re8 11. Qe2 Rc8 12. Rfd1 Qc7 13. a4 Na5 14. b4 cxb4 15. cxb4 Nc6 16. Rdc1 Qb8 17. Rab1 Nd5 18. b5 Ncb4 19. Be4 Rxc1+ 20. Rxc1 Na2 21. Ra1 Nac3 22. Qd3 f5 23. Bxd5 Nxd5 24. e4 Nb4 25. Qb3 fxe4 26. Qxe6+ Kh8 27. Ne1 Bd5 28. Qg4 Bf6 29. Rb1 Bxd4 30.
Rxb4 Bc3 31. Rb1 Bxd2 32. Nc2 Qc7 33. Ne3 Bxe3 34. fxe3 Qc2 35. Rf1 Bc4 36. Re1 Qd2 37.
Bg3 d5 38. Kh2 d4 39. Qd7 Rf8 40. exd4 e3 41. Be5 Rg8 42. Bg3 e2 43. Qe7 Qxd4 44.
Be5 Qd5 45. Qg5 Qe6 46. Rc1 Qg6 47. Qe3 Qe6 48. Re1 Re8 49. Bxg7+ Kxg7 50. Qg5+ Kh8 51. Qd2 Qe5+ 52. Kh1 Bd5 53. Qh6 Qe4 54. Qf6+ Kg8 55. Qg5+ Kf7 56. Rxe2 Qxe2 57. Qxd5+ Re6 58. Qd7+ Kf6 59.
Qd8+ Ke5 60. Qc7+ Ke4 61. Qxh7+ Kd4 62. Qh4+ Qe4 63. Qh8+ Kd3 64. Qd8+ Ke2 65. Qc7 Rg6 66. Qh2 Qb1+ 67. Qg1 Qxg1+ 68. Kxg1 Ke3 69. Kh2 Kf4 70. g4 Kf3 71. Kg1 Kg3 0-1

[Event "*** Titled Tuesday Blitz"]
[Site "Chess.com"]
[Date "2019.05.07"]
[Round "4"]
[White "AlexandraBotez"]
[Black "Chessdude1987"]
[Result "0-1"]
[WhiteElo "1988"]
[BlackElo "2110"]
[TimeControl "180+2"]
[EndTime "13:58:48 PDT"]
[Termination "Chessdude1987 won by resignation"]

1. d4 e6 2. Nf3 f5 3. g3 Nf6 4.
Bg2 Be7 5. O-O O-O 6. c4 d6 7. Nc3 a5 8. Re1 Ne4 9. Nd2 Nxd2 10. Bxd2 e5 11. e3 c6 12. Qc2 Na6 13. a3 Bd7 14.
Rab1 Bf6 15. Ne2 e4 16. h4 h6 17. d5 a4 18. Bc3 Nc5 19. Nf4 g5 20. Bxf6 Qxf6 21.
hxg5 hxg5 22. Ne2 Rf7 23. Red1 Nd3 24. Rxd3 exd3 25. Qxd3 cxd5 26. Bxd5 Be6 27. Nc3 Bxd5 28. Nxd5 Qe5 29. b4 Qe4 30. Qxe4 fxe4 31. Kg2 Kg7 32.
Nc3 Re8 33. Nxa4 Ra8 34. Nc3 Re7 35. Nd5 Re5 36. Rb3 b5 37. Nb6 bxc4 38. Nxc4 Re6 39.
Nb6 Ra6 40. Nd5 Re5 41. b5 Ra8 42. Nc7 Rb8 43. b6 Kf6 44. b7 Ra5 45. Rb6 Ke7 46.
Nd5+ Rxd5 47. Rb4 Ra5 48. Rxe4+ Kf6 49. Rd4 d5 50. Rb4 Ra7 51. Rb5 Rbxb7 52. Rxd5 Rxa3 53. Rd6+ Ke5 54. Rg6 Kf5 55. Rg8 g4 56. Rf8+ Ke4 57.
Rf4+ Kd3 58. Rxg4 Rf7 59. Rd4+ Ke2 60. Rf4 Rxf4 61. gxf4 Ra8 62. e4 Rg8+ 63. Kh3 Kf3 64. Kh4 Kxf4 0-1

[Event "*** Titled Tuesday Blitz"]
[Site "Chess.com"]
[Date "2019.05.07"]
[Round "4"]
[White "Vincent_Vega95"]
[Black "Orange_Ghost"]
[Result "0-1"]
[WhiteElo "2660"]
[BlackElo "2668"]
[TimeControl "180+2"]
[EndTime "13:59:06 PDT"]
[Termination "Orange_Ghost won on time"]

1. d4 Nf6 2. c4 g6 3. Nc3 d5 4. cxd5 Nxd5 5. e4 Nxc3 6. bxc3 Bg7 7. Nf3 c5 8. Rb1 O-O 9. Be2 b6 10. O-O Bb7 11. Bd3 Qc7 12. Bg5 Nd7 13. Qe2 Nf6 14. d5 Rac8 15. c4 Nh5 16. e5 f6 17. Bd2 fxe5 18.
Ng5 Nf4 19. Bxf4 exf4 20. Ne6 Qd6 21. Nxf8 Rxf8 22. Rfe1 Rf7 23. Qg4 f3 24. g3 Qf6 25.
Qe6 Qd4 26. Bf1 Bf6 27. Red1 Qc3 28. d6 exd6 29. Rxd6 Bd4 30. Qe1 Qc2 31. Rd1 Qf5 32.
Bd3 Qg5 33. Qe6 Kg7 34. Rd7 Qf6 35. Rxf7+ Qxf7 36. Qxf7+ Kxf7 37. Re1 Bc3 38. Rc1 Bd4 39. Kf1 Kf6 40. h4 h5 41. Rc2 Bc8 42. Be4 Bh3+ 43.
Ke1 Bg4 44. Rd2 Bc3 45. Kd1 Bxd2 46. Kxd2 g5 47. Ke3 Be6 48. Bd3 gxh4 49. gxh4 Ke5 50. Bf1 Bg4 51. Bd3 a6 52. a3 Be6 53. Bf1 Bd7 54. Bd3 b5 55. cxb5 axb5 56. Kxf3 c4 57. Bg6 Kd4 58. Ke2 Bg4+ 59. f3 Be6 60. Bxh5 Bf5 61.
Bg4 Bh7 62. f4 Kc3 63. Bd7 Kb3 64. Bxb5 c3 0-1

[Event "*** Titled Tuesday Blitz"]
[Site "Chess.com"]
[Date "2019.05.07"]
[Round "4"]
[White "wonderfultime"]
[Black "Shahinyan_ChessMood"]
[Result "1-0"]
[WhiteElo "2944"]
[BlackElo "2747"]
[TimeControl "180+2"]
[EndTime "13:59:18 PDT"]
[Termination "wonderfultime won by resignation"]

1. d4 Nf6 2. Nf3 c5 3. d5 e6 4. c4 exd5 5. cxd5 d6 6. Nc3 g6 7. Bf4 a6 8. a4 Bg7 9. h3 O-O 10. e3 Re8 11. Nd2 Nh5 12. Bh2 Nd7 13. Be2 Nhf6 14. Bxd6 Nb6 15. Bxc5 Nfxd5 16. Nxd5 Nxd5 17. Nc4 Bxb2 18. Nxb2 Qa5+ 19. Qd2 Qxc5 20. Rc1 Qb4 21. Qxb4 Nxb4 22. O-O Be6 23. a5 Rac8 24. Na4 Rxc1 25. Rxc1 Rc8 26. Rb1 Nc6 27. Rxb7 Nxa5 28. Ra7 Rc1+ 29.
Kh2 Rc2 30. Bf3 Rxf2 31. Rxa6 Nc4 32. Nc5 Nxe3 33. Nxe6 fxe6 34. Rxe6 Nf5 35. Rb6 Rd2 36. Be4 Nd4 37. Kg3 Kg7 38. Kf4 Ne2+ 39. Ke5 Ng3 40.
Bf3 Nf5 41. g4 Ne7 42. Be4 Re2 43. Rb7 Kf7 44. g5 Re1 45. h4 Ke8 46. Kf4 Kf7 47. Bd5+ Ke8 48. Bf3 Kf7 49. Ra7 Kf8 50. Kg3 Nf5+ 51.
Kg4 Re7 52. Ra8+ Re8 53. Ra7 Re7 54. Ra6 Kg7 55. h5 Ne3+ 56. Kf4 gxh5 57. Rh6 Nc4 58. Be4 Rf7+ 59. Kg3 Kg8 60. Bd5 Ne5 61. Re6 Ng6 62.
Rf6 Nh8 63. Kh4 Kg7 64. Bxf7 Nxf7 65. Kxh5 Ne5 66. Re6 Nf7 67. Kg4 Nh8 68. Kf5 Ng6 69. Ra6 Ne7+ 70. Kg4 Ng6 71. Ra7+ Kg8 72. Kf5 Nf8 73.
Kf6 h5 74. Ra8 h4 75. g6 h3 76. g7 h2 77. Rxf8+ 1-0

[Event "*** Titled Tuesday Blitz"]
[Site "Chess.com"]
[Date "2019.05.07"]
[Round "4"]
[White "GHANDEEVAM2003"]
[Black "GrigorGrigorov"]
[Result "1-0"]
[WhiteElo "2877"]
[BlackElo "2826"]
[TimeControl "180+2"]
[EndTime "13:59:18 PDT"]
[Termination "GHANDEEVAM2003 won by resignation"]

1. d4 Nf6 2. Bf4 e6 3. Nd2 d5 4. e3 Bd6 5. Ngf3 O-O 6. Bd3 b6 7. Ne5 c5 8. c3 Ba6 9. Qe2 Bxd3 10. Qxd3 Qc7 11. Bg3 Nc6 12. f4 Ne7 13. Bh4 Ne8 14.
O-O f6 15. Nef3 cxd4 16. Nxd4 Qd7 17. e4 Nc7 18. Rae1 dxe4 19. Nxe4 Bc5 20. Rd1 Rad8 21. Bf2 Nf5 22. Qe2 Bxd4 23. Bxd4 Qc6 24. Bf2 Nd5 25. Qf3 Rd7 26. b3 Rfd8 27. c4 Nb4 28. Rxd7 Qxd7 29.
a3 Nc2 30. b4 Qa4 31. Qg4 Kh8 32. Rd1 Qe8 33. c5 Nxa3 34. cxb6 axb6 35. Bxb6 Rxd1+ 36. Qxd1 Nb5 37. Qd3 h6 38. Bc5 Qc6 39. h3 Nc7 40. Nc3 Nh4 41. Qg3 Nf5 42. Qf2 Nb5 43. Nxb5 Qxb5 44. Qe1 Qc4 45. Qf2 h5 46. g3 Qd3 47.
Kh2 Kh7 48. Qg2 h4 49. g4 Ng3 50. Bf2 Ne2 51. g5 Nxf4 52. Qg4 Ng6 53. gxf6 gxf6 54. Bxh4 f5 55. Qh5+ Kg7 56. Qg5 Qe2+ 57. Kg1 Qd1+ 58. Kg2 Qc2+ 59. Bf2 Qc6+ 60. Kg1 Kf7 61. h4 Ne5 62. Qh5+ Ng6 63. Qh7+ Kf6 64. h5 Nf4 65. Qh6+ Ke5 66. Qg7+ Ke4 67. Qd4+ Kf3 68. Qe3+ Kg4 69. Qg3+ Kxh5 70. Qxf4 Qc3 71. Qh4+ Kg6 72. Qg3+ Qxg3+ 73. Bxg3 Kf6 74. b5 Ke7 75. b6 1-0

[Event "*** Titled Tuesday Blitz"]
[Site "Chess.com"]
[Date "2019.05.07"]
[Round "4"]
[White "Shant_Sargsyan"]
[Black "pheonixking2000"]
[Result "1-0"]
[WhiteElo "2964"]
[BlackElo "2770"]
[TimeControl "180+2"]
[EndTime "13:59:28 PDT"]
[Termination "Shant_Sargsyan won by resignation"]

1. d4 Nf6 2. c4 e6 3. g3 d5 4. Bg2 dxc4 5. Nf3 a6 6. O-O Nc6 7.
e3 Rb8 8. Qe2 b5 9. b3 cxb3 10.
axb3 Bd6 11. Bb2 Bb7 12. Ne5 Nb4 13. Bxb7 Rxb7 14. Qf3 Qa8 15. Nc3 O-O 16. Rfd1 Rb6 17. Qe2 Nbd5 18. Nd3 Nxc3 19. Bxc3 Ne4 20. Ba5 Rc6 21.
Qf3 Ng5 22. Qg2 Rc2 23. Qxa8 Rxa8 24. Rdc1 Rxc1+ 25. Rxc1 Ra7 26. Kg2 Kf8 27. f3 f5 28. Ne5 Ke8 29. Nc6 Rb7 30. h4 Nf7 31. e4 fxe4 32. fxe4 e5 33. d5 Nd8 34. Nxd8 Kxd8 35.
Rc6 Kd7 36. b4 Ra7 37. h5 Ra8 38. Kh3 Ra7 39. Kh2 Kc8 40. Rc1 Kd7 41. Kg2 Ra8 42. Rc6 Ra7 43. Rc1 Ra8 44. Rc2 Rf8 45. Rc3 Ra8 46. Rc6 Ra7 47. Rc1 Ra8 48. Rc2 Rf8 49.
Rc6 Ra8 50. Kf3 Ra7 51. Ke2 Kc8 52. Rc1 Kd7 53. Rf1 Ke7 54. Rf3 Ra8 55. Rc3 Kd7 56.
Rc6 Ra7 57. Ke3 Ra8 58. Kf3 Ra7 59. Kg4 Kc8 60. Kg5 Kb7 61. h6 Be7+ 62. Kh5 g6+ 63.
Kg4 Bd6 64. Kg5 Be7+ 65. Kg4 Bd6 66. Bb6 Ra8 67. Bc5 Bxc5 68. Rxc5 Rf8 69. Rc6 Rf2 70. Kh3 Rb2 71. Rxg6 Rb1 72. Re6 Rh1+ 73. Kg2 Rh5 74. g4 Rg5 75. Kh3 a5 76. bxa5 b4 77. a6+ Ka7 78.
Kh4 Rg8 79. Rc6 Rb8 80. Rxc7+ Kxa6 81. Rxh7 b3 82. Rf7 b2 83. Rf1 b1=Q 84. Rxb1 Rxb1 85. Kg5 Kb6 86. h7 Rh1 87. Kg6 1-0

[Event "*** Titled Tuesday Blitz"]
[Site "Chess.com"]
[Date "2019.05.07"]
[Round "4"]
[White "Micki-taryan"]
[Black "VSERGUEI"]
[Result "0-1"]
[WhiteElo "3022"]
[BlackElo "2623"]
[TimeControl "180+2"]
[EndTime "13:59:49 PDT"]
[Termination "VSERGUEI won by resignation"]

1. d4 d5 2. Nf3 Nf6 3. c4 c6 4. Nc3 a6 5. c5 Nbd7 6. Bf4 Nh5 7.
e3 g6 8. Bd3 Bg7 9. O-O O-O 10.
h3 Nxf4 11. exf4 Qc7 12. Qd2 Bh6 13. g3 b6 14. b4 bxc5 15. bxc5 e5 16. Nxe5 Nxe5 17.
dxe5 Qxe5 18. Rfd1 Qd4 19. Rac1 Bxh3 20. Ne2 Qa4 21.
Bc2 Qa3 22. Nd4 Rac8 23. Bb3 Bg7 24. Re1 a5 25. Kh2 Bg4 26. f5 a4 27. Bd1 Bxd1 28.
Rexd1 Rfe8 29. Rc2 Re4 30. Nxc6 Rxc6 31. Qxd5 Qf3 32.
Rd3 Qh5+ 33. Kg2 Re1 34. g4 Qh1+ 35. Kg3 Rg1+ 36. Kf4 Bh6+ 37. Ke5 Qxd5+ 38. Kxd5 Rc8 39. c6 Rxg4 40. Kd6 Bf4+ 41. Kd7 Rc7+ 42. Kd8 gxf5 43. Rd7 Rxd7+ 44. cxd7 Bg5+ 45. Kc8 Rd4 46. f4 Bf6 47. Rc6 Kg7 48. Rc2 h5 49. Rg2+ Kf8 50. Re2 h4 51. Re3 Rc4+ 52. Kb7 Rxf4 53. Rd3 h3 54. Rxh3 Rd4 55. Kc7 Rc4+ 56. Kd6 Rd4+ 57. Kc6 Ke7 58.
Re3+ Re4 59. Rd3 Kd8 60. Rd5 Re6+ 61. Kb5 f4 62. Kxa4 Be7 63. Rd3 Rf6 64. Rf3 Kxd7 65. Kb5 Ke6 66. a4 Kd5 67. a5 Bc5 68. Rf1 f3 69. a6 Rb6+ 70. Ka5 Rb3 71. Ka4 Ra3+ 72.
Kb5 Bd4 73. Kb4 Rxa6 74. Rxf3 f6 75. Kb5 Ra8 76. Rf1 Rh8 77. Ka6 Be5 78. Kb5 Ke6 79.
Rd1 Rc8 80. Kb6 Kf5 81. Rh1 Ke4 82. Kb7 Rc7+ 83. Kb6 Rc2 84. Re1+ Kd3 85. Kb5 Rc3 86.
Kb4 Rc7 87. Rh1 Ke4 88. Rh4+ Kd5 89. Kb5 Ke6 90. Rh6 Rc3 91. Kb4 Rc1 92. Kb3 Kf7 93.
Kb4 f5 94. Kb3 Bf6 95. Rh5 Kg6 96. Rh2 Rc8 97. Rg2+ Kf7 98. Rf2 Ke6 99. Re2+ Be5 100. Ka4 f4 101. Kb5 Kf5 102. Rc2 Rd8 103. Rc8 Rd5+ 0-1